 Dungeon Crawl Stone Soup version 0.29-a0-330-g52719c12eb (webtiles) character file.

Game seed: 17537492480636274965

939 Crownlay the Digger (level 8, 0/41 HPs)
             Began as a Gargoyle Earth Elementalist on Apr 23, 2022.
             Killed by divine providence
             ... invoked by an orc priest
              (9 damage)
             ... on level 5 of the Dungeon on Apr 24, 2022.
             The game lasted 00:08:58 (5207 turns).

Crownlay the Digger (Gargoyle Earth Elementalist)   Turns: 5207, Time: 00:08:59

Health: 0/41       AC: 13    Str: 11    XL:     8   Next: 12%
Magic:  13/17      EV: 15    Int: 19    God:
Gold:   358        SH:  0    Dex: 10    Spells: 12/19 levels left

rFire   . . .      SeeInvis .   j - +3 shortbow (vorpal)
rCold   . . .      Faith    .   (shield currently unavailable)
rNeg    + . .      Spirit   .   b - +0 robe
rPois   ∞          Reflect  .   l - +2 hat
rElec   +          Harm     .   v - +2 cloak
rCorr   .          Rampage  .   n - +0 pair of gloves
Will    .....                   (no boots)
Stlth   ++........              (no amulet)
HPRegen 0.13/turn               i - +4 ring of evasion
MPRegen 0.15/turn               (no ring)

@: no status effects
A: sickness immunity, AC +5, negative energy resistance 1, electricity
resistance, torment resistance 1, petrification resistance
a: no special abilities


You were on level 5 of the Dungeon.
You visited 1 branch of the dungeon, and saw 5 of its levels.
You also visited: Ossuary.

You collected 394 gold pieces.
You spent 36 gold pieces at shops.

Inventory:

Hand Weapons
 j - a +3 vorpal shortbow (weapon)
 C - the +6 spear "Zillyo" {vorpal, rC+ rCorr}
   (You found it on level 4 of the Dungeon)

   It inflicts extra damage upon your enemies.
   rC:        It protects you from cold.
   rCorr:     It protects you from acid and corrosion.
Missiles
 a - 94 stones
Armour
 b - a +0 robe (worn)
 l - a +2 hat (worn)
 m - a +0 buckler
 n - a +0 pair of gloves (worn)
 v - a +2 cloak (worn)
Jewellery
 i - a +4 ring of evasion (left hand)
 o - a ring of positive energy
Wands
 h - a wand of flame (29)
Scrolls
 e - 3 scrolls of fear
 s - 2 scrolls of teleportation
 u - 2 scrolls of amnesia
 x - a scroll of blinking
 y - a scroll of vulnerability {unknown}
 A - a scroll of enchant armour
 B - a scroll of fog {unknown}
Potions
 c - 2 potions of magic
 d - a potion of might {unknown}
 f - a potion of brilliance {unknown}
 g - 2 potions of lignification
 k - a potion of resistance {unknown}
 p - 4 potions of attraction {unknown}
 q - 8 potions of curing {unknown}
 r - 3 potions of berserk rage {unknown}
 t - 3 potions of degeneration {unknown}
 w - a potion of flight {unknown}
 z - a potion of heal wounds {unknown}


   Skills:
 - Level 1.5 Dodging
 - Level 2.1 Stealth
 * Level 6.2 Spellcasting
 + Level 3.6 Hexes
 - Level 0.7 Transmutations
 + Level 6.6 Earth Magic


You had 12 spell levels left.
You knew the following spells:

 Your Spells              Type           Power      Damage    Failure   Level
a - Sandblast             Erth           62%        2d14      1%          1
b - Stone Arrow           Conj/Erth      36%        3d9       9%          3
c - Tukima's Dance        Hex            19%        N/A       8%          3

Your spell library contained the following spells:

 Spells                   Type           Power      Damage    Failure   Level
 Passwall                 Tmut/Erth      15%        N/A       3%          2
 Confusing Touch          Hex            19%        N/A       8%          3
 Petrify                  Tmut/Erth      19%        N/A       24%         4
 Anguish                  Hex/Necr       6%         N/A       45%         4
 Yara's Violent Unravell  Hex/Tmut       7%         3d5       77%         5
 Irradiate                Conj/Tmut      3%         3d14      95%         5
 Enfeeble                 Hex            9%         N/A       100%        7
 Sublimation of Blood     Necr           Unusable   N/A       N/A         2

Dungeon Overview and Level Annotations

Branches:
Dungeon (5/15)            Ossuary (visited)
 Temple: D:4-7

Altars:
Ashenzari
Cheibriados

Shops:
D:1 !


Innate Abilities, Weirdness & Mutations

You are immune to sickness and miasma.
Your stone body is resilient. (AC +5)
You are immune to poison.
You resist negative energy. (rN+)
You are resistant to electric shocks. (rElec)
You are resistant to unholy torment.
You are immune to petrification.


Message History

Shoot: j) +3 shortbow (vorpal)
Press: ? - help, Shift-Dir - straight line, f/p - orc
Aim: an orc, wielding a +0 club (almost dead, 59% to hit)
You shoot an arrow. The arrow closely misses the orc.
The arrow hits the orc!
You kill the orc!
An orc comes into view. It is wielding a +0 dagger.
An orc priest comes into view. It is wielding a +0 short sword.
Casting: Sandblast (safe; 1% risk of failure)
Confirm with . or Enter, or press ? or * to list all spells.
Aiming: Sandblast (safe; 1% risk of failure)
Press: ? - help, Shift-Dir - straight line, f/p - orc
Aim: an orc, wielding a +0 club (almost dead, 82% to hit)
The blast of sand hits the orc.
You kill the orc!
Casting: Sandblast (safe; 1% risk of failure)
Confirm with . or Enter, or press ? or * to list all spells.
Aiming: Sandblast (safe; 1% risk of failure)
Press: ? - help, Shift-Dir - straight line, f - orc priest
Aim: an orc priest, wielding a +0 club (82% to hit)
The blast of sand misses the orc priest.
The orc priest invokes the aid of Beogh against you.
Pain shoots through your body!
* * * LOW HITPOINT WARNING * * *
Casting: Sandblast (safe; 1% risk of failure)
Confirm with . or Enter, or press ? or * to list all spells.
Aiming: Sandblast (safe; 1% risk of failure)
Press: ? - help, Shift-Dir - straight line, f/p - orc priest
Aim: an orc priest, wielding a +0 club (82% to hit)
The blast of sand hits the orc priest!
The orc priest is almost dead.
Casting: Sandblast (safe; 1% risk of failure)
Confirm with . or Enter, or press ? or * to list all spells.
Aiming: Sandblast (safe; 1% risk of failure)
Press: ? - help, Shift-Dir - straight line, f/p - orc priest
Aim: an orc priest, wielding a +0 club (almost dead, 82% to hit)
The blast of sand hits the orc priest!!
You kill the orc priest!
The orc priest mumbles some strange prayers to Beogh against you.
Beogh smites you!
You die...

#.... ..............
.###.. ....... ......
#..... #).... .....
...... ###o... ...# ..
..... ....... ...# #..
..... .....o5 #..# #..
....# ...$..)###..# #.#
....# .......@#..##
#.####.##
............####..#.....
.....##........#........
........###.........)...
...##...# #.###.........
.# .....###.# #....##...
#...####...###..#.#....
.#..####........##.#....
................##...##.


You could see an orc priest, a shadow imp and an orc.

Vanquished Creatures
  Sigmund (D:3)
  An ice beast (D:5)
  A black bear (D:4)
  An ogre (D:5)
  A kobold brigand (D:5)
  2 scorpions (D:5)
  An orc priest (D:5)
  Crazy Yiuf (D:2)
  Terence (D:2)
  An orc wizard (D:4)
  8 mummies (Ossuary)
  4 adders
  A white imp (D:5)
  2 worms
  6 dart slugs
  6 orcs
  4 bats
  An endoplasm (D:1)
  A giant cockroach (D:2)
  9 goblins
  4 hobgoblins
  8 jackals
  12 kobolds
  3 quokkas
  10 ball pythons
  4 frilled lizards
  2 gnoll zombies (Ossuary)
  2 hobgoblin zombies (Ossuary)
  3 kobold zombies (Ossuary)
  An orc zombie (Ossuary)
  3 rats
105 creatures vanquished.

Notes
Turn   | Place    | Note
-------+----------+-------------------------------------------
     0 | D:1      | Crownlay the Gargoyle Earth Elementalist began the quest
                  | for the Orb.
     0 | D:1      | Reached XP level 1. HP: 10/10 MP: 3/3
   378 | D:1      | Reached XP level 2. HP: 15/15 MP: 1/5
   476 | D:1      | Found Piul's Distillery.
   509 | D:1      | Bought a potion of lignification for 36 gold pieces
   693 | D:1      | Found a faded altar of an unknown god.
  1034 | D:2      | Reached XP level 3. HP: 6/19 MP: 2/7
  1267 | D:2      | Learned a level 3 spell: Stone Arrow
  1280 | D:2      | Learned a level 3 spell: Tukima's Dance
  1285 | D:2      | Noticed Terence
  1293 | D:2      | Killed Terence
  1294 | D:2      | Reached XP level 4. HP: 10/24 MP: 7/9
  1623 | D:2      | Found a snail-covered altar of Cheibriados.
  1775 | D:2      | Found a runed translucent door.
  1776 | D:2      | Noticed Crazy Yiuf
  2013 | D:2      | HP: 1/24 [Crazy Yiuf/+2 quarterstaff of chaos (1)]
  2014 | D:2      | Killed Crazy Yiuf
  2015 | D:2      | Reached skill level 1 in Hexes
  2923 | D:3      | Reached XP level 5. HP: 28/28 MP: 10/10
  2929 | D:3      | Noticed Sigmund
  2941 | D:3      | Killed Sigmund
  2942 | D:3      | Reached skill level 5 in Earth Magic
  2942 | D:3      | Reached XP level 6. HP: 10/32 MP: 7/12
  3251 | D:3      | Found a broken altar of Ashenzari.
  3435 | D:4      | Found a sand-covered staircase.
  3439 | Ossuary  | Entered an ossuary
  4053 | D:4      | Noticed a black bear
  4061 | D:4      | Killed a black bear
  4062 | D:4      | Reached skill level 5 in Spellcasting
  4062 | D:4      | Reached XP level 7. HP: 35/36 MP: 8/14
  4500 | D:4      | Identified the +6 spear "Zillyo" {vorpal, rC+ rCorr}
  4667 | D:5      | Entered Level 5 of the Dungeon
  4996 | D:5      | Reached XP level 8. HP: 18/41 MP: 11/17
  5207 | D:5      | Killed from afar by an orc priest

Illustrated notes

Levels and vault maps discovered:
D:1:      eino_arrival_water_star, layout_loops_ring, serial_shops, shop,
          basic_ecumenical_altar
D:2:      layout_rooms, basic_altar, chequers_serial_rivers_large_a,
          uniq_crazy_yiuf_cottage, uniq_terence
D:3:      layout_basic, ashenzari_altar_1, minmay_tree_intersection,
          uniq_sigmund
D:4:      layout_rooms, enter_ossuary_5
D:5:      layout_cave_pools

Skill      XL: |  1  2  3  4  5  6  7 |
---------------+----------------------+-----
Earth Magic    | 4 5 6 |  6.6
Spellcasting   | 3 4 5 6 |  6.2
Hexes          | 1 2 3 |  3.6
Dodging        | |  1.5
Stealth        | |  2.1
Transmutations | |  0.7

Action                   |  1- 3 |  4- 6 |  7- 9 || total
-------------------------+-------+-------+-------++-------
Melee: Unarmed           |     7 |       |       ||     7
       Punch             |     1 |       |       ||     1
       Short sword       |    18 |       |       ||    18
       Spear             |       |       |     2 ||     2
 Fire: Shortbow          |    37 |   135 |    67 ||   239
 Cast: Sandblast         |    16 |    19 |    45 ||    80
  Use: Scroll            |       |     6 |     3 ||     9
 Stab: Sleeping          |     1 |       |       ||     1
Armor: Robe              |    27 |    10 |    42 ||    79
Dodge: Dodged            |    69 |    20 |    89 ||   178

Table legend: (Time is in decaauts)
 A = Elapsed time spent in this place.
 B = Non-inter-level travel time spent in this place.
 C = Inter-level travel time spent in this place.
 D = Time resting spent in this place.
 E = Time spent auto-exploring this place.
 F = Levels seen in this place.
 G = Mean time per level.
                   A        B        C        D        E       F      G
               +--------+--------+--------+--------+--------+-----+--------+
         Total |   5338 |   5229 |    109 |    212 |   4152 |   6 |  889.7 |
       Dungeon |   4718 |   4609 |    109 |      0 |   3891 |   5 |  943.6 |
       Ossuary |    619 |    619 |      0 |    212 |    261 |   1 |  619.0 |
               +--------+--------+--------+--------+--------+-----+--------+

Top non-repeatable levels by time:
     D:2: 1371 daAuts
     D:1: 1028 daAuts
     D:3: 1004 daAuts
     D:4: 757 daAuts
 Ossuary: 619 daAuts
     D:5: 556 daAuts
